 Dungeon Crawl Stone Soup version 0.30-a0-339-g89bb51ec76 (webtiles) character file.

Game seed: 13936556517005755743

20841 brouguemayhem the Impaler (level 12, -4/110 HPs)
             Began as a Minotaur Berserker on Oct 28, 2022.
             Was an Elder of Trog.
             Slain by Jorgrun
             ... wielding a staff of earth
              (7 damage)
             ... while petrified by Jorgrun
             ... on level 12 of the Dungeon on Oct 31, 2022.
             The game lasted 01:09:42 (17999 turns).

brouguemayhem the Impaler (Minotaur Berserker)     Turns: 17999, Time: 01:09:43

Health: -4/110     AC: 20    Str: 24    XL:     12   Next: 48%
Magic:  0/20       EV:  2    Int:  4    God:    Trog [****..]
Gold:   655        SH:  0    Dex: 19    Spells: 11/11 levels left

rFire   . . .      SeeInvis .    g - +0 glaive
rCold   . . .      Faith    .    (shield currently unavailable)
rNeg    + + +      Spirit   +    d - +0 pearl dragon scales
rPois   ∞          Reflect  .    z - +0 hat
rElec   .          Harm     +    (no cloak)
rCorr   .          Rampage  .    w - +1 pair of gloves "Myuzeda" {Harm}
Will    .....                    H - +1 pair of boots
Stlth   +.........               u - amulet of guardian spirit
HPRegen 0.38/turn                W - +6 ring of dexterity
MPRegen 0.17/turn                Q - ring of magical power

@: petrified
A: horns 2, retaliatory headbutt
a: Renounce Religion, Berserk, Trog's Hand, Brothers in Arms


You were on level 12 of the Dungeon.
You worshipped Trog.
Trog was greatly pleased with you.
You visited 1 branch of the dungeon, and saw 12 of its levels.
You visited 1 bazaar.

You collected 655 gold pieces.

Inventory:

Hand Weapons
 a - a +2 whip of flaming
 g - a +0 glaive (weapon)
 q - a +4 dagger of distortion
 s - a +0 dagger of speed
 t - a +0 dagger of holy wrath
 C - a +0 arbalest
 F - a +0 hand axe of flaming
 K - a +1 scimitar of protection
 N - a +0 short sword of protection
 R - a +2 sling of electrocution
 V - a +0 rapier of freezing
 Y - a +1 short sword of venom
Missiles
 h - 3 boomerangs
 p - 96 stones (quivered)
 I - 12 poisoned darts
 Z - 2 curare-tipped darts
Armour
 d - +0 pearl dragon scales (worn)
 o - a +0 robe of fire resistance
 w - the +1 pair of gloves "Myuzeda" (worn) {Harm}
   (You found it on level 3 of the Dungeon)

   Harm:      It increases damage dealt and taken.
 z - a +0 hat (worn)
 H - a +1 pair of boots (worn)
Jewellery
 u - an amulet of guardian spirit (around neck)
 O - a ring of fire
 Q - a ring of magical power (right hand)
 S - a ring of resist corrosion
 W - a +6 ring of dexterity (left hand)
Wands
 y - a wand of flame (14)
 B - a wand of roots (16)
 X - a wand of digging (6)
Scrolls
 e - 2 scrolls of blinking
 f - 2 scrolls of immolation
 k - 3 scrolls of poison
 l - a scroll of brand weapon {unknown}
 m - 2 scrolls of fog {unknown}
 r - 3 scrolls of vulnerability
 v - 4 scrolls of teleportation
 G - 2 scrolls of enchant weapon {unknown}
 J - a scroll of torment {unknown}
 P - a scroll of enchant armour {unknown}
 T - a scroll of amnesia {unknown}
 U - 3 scrolls of identify
Potions
 b - 8 potions of curing
 c - 3 potions of might {unknown}
 i - 6 potions of flight
 j - 2 potions of mutation {unknown}
 n - 4 potions of lignification
 x - 3 potions of attraction {unknown}
 A - a potion of brilliance {unknown}
 D - a potion of heal wounds
 E - a potion of cancellation {unknown}
 L - 3 potions of ambrosia {unknown}
 M - 3 potions of berserk rage {unknown}


   Skills:
 + Level 11.0 Fighting
 - Level 0.2 Short Blades
 + Level 16.4 Polearms
 + Level 1.2 Ranged Weapons
 + Level 1.6 Throwing
 + Level 12.4 Armour
 + Level 7.9 Dodging
 + Level 3.6 Stealth
 + Level 1.3 Evocations


You had 11 spell levels left.
You didn't know any spells.
Your spell library was empty.

Dungeon Overview and Level Annotations

Branches:
Dungeon (12/15)            Temple (0/1) D:7            Lair (0/5) D:11
    Orc: D:9-12

Altars:
Ashenzari
Fedhas
Kikubaaqudgha
Trog
Wu Jian

Shops:
D:4 [

Annotations:
D:12 Jorgrun


Innate Abilities, Weirdness & Mutations

You have a pair of horns on your head.
You reflexively headbutt those who attack you in melee.


Message History

Jorgrun points at you and mumbles some strange words.
Roots burst forth from the earth!
The grasping roots grab you! The grasping roots constrict you!
Jorgrun hits you with a staff of earth! Jorgrun shatters you!
The grasping roots constrict you! Jorgrun hits you but does no damage.
The grasping roots constrict you! Jorgrun hits you with a staff of earth.
The grasping roots constrict you! Jorgrun hits you with a staff of earth.
The grasping roots constrict you.
You turn to flesh and can move again.
You barely miss Jorgrun. Jorgrun hits you with a staff of earth!
Jorgrun shatters you! The grasping roots constrict you!
* * * LOW HITPOINT WARNING * * *
You barely miss Jorgrun. You headbutt Jorgrun.
Jorgrun is lightly wounded.
Jorgrun casts a spell at you.
You are slowing down.
The grasping roots constrict you!
* * * LOW HITPOINT WARNING * * *
The grasping roots release their grip on you.
Blink to where?
Press: ? - help, Dir - move target
As you read the scroll of blinking, it crumbles to dust.
You hear a grinding noise.
Jorgrun says, "I've ne'er se'n tha particular type o' rock formation 'fore."
Your limbs are stiffening.
You have turned to stone.
Jorgrun hits you with a staff of earth.
* * * LOW HITPOINT WARNING * * *
Jorgrun hits you but does no damage. Jorgrun shatters you!!
* * * LOW HITPOINT WARNING * * *
Jorgrun hits you with a staff of earth!
* * * LOW HITPOINT WARNING * * *
Jorgrun shatters you!!
* * * LOW HITPOINT WARNING * * *
Jorgrun gestures at you while chanting. Jorgrun hits you with a staff of earth.
* * * LOW HITPOINT WARNING * * *
Jorgrun hits you with a staff of earth!
You die...

.....##.......##.##.# #.#
...#.##...##..##.##.###.#########
#..#............................#
#..####..###..##.##.#############
...........#..##.##.#
################.##.# .
##8###..#.##.# ..#...#.....##.#
..........)@##.#####
.......[))).g......#
.......))))#...#########
..#...#)))#.............
##8###.##..#...######
################..#.#.#
..#......##....#.##.#.#
............####.##.#.#
.........#### #.##.#.#


You could see Jorgrun.

Vanquished Creatures
  Frances (D:12)
  Gastronok (D:8)
  The ghost of CertainDeath the Cleaver, a novice MiGl of Gozag (D:8)
  3 two-headed ogres
  Sonja (D:12)
  Pikel (D:4)
  A deep elf pyromancer (D:12)
  2 ugly things (D:12)
  Joseph (D:7)
  A gargoyle (D:12)
  Psyche (D:9)
  A komodo dragon (D:11)
  2 kobold demonologists (D:9)
  2 hornets (D:8)
  Grinder (D:4)
  10 slime creatures (D:12)
  Sigmund (D:3)
  2 wyverns
  2 wraiths
  33 yaks
  A basilisk (D:11)
  2 steam dragons
  Menkaure (D:4)
  3 acid dragons
  A water moccasin (D:8)
  An ice beast (D:7)
  3 sky beasts
  A black bear (D:11)
  6 orc warriors
  5 centaurs
  2 phantoms
  3 bullfrogs
  A necrophage (D:5)
  A gnoll sergeant (D:5)
  4 scorpions
  10 killer bees
  3 hounds
  5 orc priests
  Jessica (D:2)
  3 iguanas
  Natasha (thrice) (D:3)
  8 orc wizards
  Robin (D:2)
  3 gnolls (D:5)
  12 adders
  A shadow imp (D:8)
  2 white imps
  2 ufetubi
  4 worms
  5 dart slugs
  33 orcs
  3 ball pythons
  6 bats (D:1)
  6 endoplasms
  4 giant cockroaches
  17 goblins
  4 hobgoblins
  8 jackals
  9 kobolds
  2 quokkas
  2 rats (D:1)
260 creatures vanquished.

Vanquished Creatures (others)
  An orc wizard (D:7)
  2 orcs (D:6)
  4 fungi (D:11)
  2 plants
9 creatures vanquished.

Grand Total: 269 creatures vanquished

Notes
Turn   | Place    | Note
-------+----------+-------------------------------------------
     0 | D:1      | brouguemayhem the Minotaur Berserker began the quest for
                  | the Orb.
     0 | D:1      | Reached XP level 1. HP: 19/19 MP: 0/0
   109 | D:1      | Reached skill level 4 in Polearms
   120 | D:1      | Reached XP level 2. HP: 27/27 MP: 1/1
   460 | D:1      | Reached XP level 3. HP: 33/33 MP: 2/2
  1094 | D:2      | Noticed Jessica
  1102 | D:2      | Killed Jessica
  1103 | D:2      | Reached XP level 4. HP: 40/40 MP: 3/3
  1121 | D:2      | Noticed Robin
  1125 | D:2      | Reached ** piety under Trog
  1143 | D:2      | Killed Robin
  1144 | D:2      | Reached skill level 5 in Polearms
  2043 | D:3      | Identified the +1 pair of gloves "Myuzeda" {Harm}
  2185 | D:3      | Noticed Sigmund
  2186 | D:3      | Noticed Natasha
  2194 | D:3      | Killed Sigmund
  2195 | D:3      | Reached skill level 1 in Stealth
  2195 | D:3      | Reached XP level 5. HP: 47/47 MP: 4/4
  2195 | D:3      | Reached XP level 6. HP: 53/53 MP: 5/5
  2201 | D:3      | Killed Natasha
  2390 | D:3      | Found an ornate altar of the Wu Jian Council.
  2490 | D:3      | Noticed Natasha
  2495 | D:3      | Killed Natasha
  2713 | D:3      | Noticed Natasha
  2720 | D:3      | Killed Natasha
  2721 | D:3      | Reached skill level 6 in Polearms
  2908 | D:4      | Noticed Pikel
  2931 | D:4      | Killed Pikel
  2932 | D:4      | Reached skill level 5 in Fighting
  2932 | D:4      | Reached skill level 7 in Polearms
  2932 | D:4      | Reached XP level 7. HP: 29/61 MP: 3/6
  2955 | D:4      | Upgraded the game from 0.30-a0-329-g85436e0a43 to
                  | 0.30-a0-339-g89bb51ec76
  3069 | D:4      | Noticed Grinder
  3082 | D:4      | Killed Grinder
  3083 | D:4      | Reached XP level 8. HP: 64/70 MP: 5/7
  3195 | D:4      | Noticed Menkaure
  3203 | D:4      | Killed Menkaure
  3204 | D:4      | Reached skill level 8 in Polearms
  3772 | D:4      | You fall into a shaft and drop 3 floors!
  3877 | D:7      | Noticed Joseph
  3936 | D:7      | Killed Joseph
  3937 | D:7      | Reached skill level 9 in Polearms
  4355 | D:6      | Found an ancient bone altar of Kikubaaqudgha.
  4471 | D:6      | Reached XP level 9. HP: 27/78 MP: 2/8
  4491 | D:6      | Reached skill level 10 in Polearms
  4737 | D:5      | Entered Level 5 of the Dungeon
  4752 | D:5      | Reached skill level 5 in Dodging
  4755 | D:5      | Reached *** piety under Trog
  5053 | D:5      | Reached skill level 1 in Ranged Weapons
  5787 | D:4      | Found Waobax's Antique Armour Shoppe.
  5963 | D:6      | Found a bloodstained altar of Trog.
  6255 | D:6      | Reached skill level 11 in Polearms
  7001 | D:7      | Found a staircase to the Ecumenical Temple.
  7654 | D:8      | Reached XP level 10. HP: 79/88 MP: 9/9
  8085 | D:8      | Reached skill level 12 in Polearms
  8445 | D:8      | Noticed Gastronok
  8479 | D:8      | Killed Gastronok
  8836 | D:8      | Found a runed translucent gate.
  8836 | D:8      | Found a runed translucent gate.
  8840 | D:8      | Found a runed translucent gate.
  8842 | D:8      | Noticed CertainDeath's ghost (novice MiGl)
  8869 | D:8      | Killed CertainDeath's ghost
  8870 | D:8      | Reached skill level 1 in Evocations
  8876 | D:8      | Reached skill level 13 in Polearms
 10041 | D:9      | Noticed a smoke demon
 10056 | D:9      | Reached **** piety under Trog
 10057 | D:9      | Reached skill level 10 in Armour
 10431 | D:9      | Reached XP level 11. HP: 30/95 MP: 3/10
 10997 | D:9      | Noticed Psyche
 11010 | D:9      | Killed Psyche
 11495 | D:10     | Entered Level 10 of the Dungeon
 11605 | D:10     | Identified the +12 quarterstaff "Wilevvirch" {flame, rF+
                  | rN+ Str+3 Int+3}
 11935 | D:10     | Reached skill level 14 in Polearms
 12520 | D:10     | Noticed a two-headed ogre
 12524 | D:10     | Killed a two-headed ogre
 12921 | D:10     | Found a blossoming altar of Fedhas.
 12921 | D:10     | Found a broken altar of Ashenzari.
 13310 | D:11     | Noticed a two-headed ogre
 13315 | D:11     | Killed a two-headed ogre
 13315 | D:11     | Noticed a two-headed ogre
 13316 | D:11     | Reached skill level 15 in Polearms
 13316 | D:11     | Reached skill level 1 in Throwing
 13322 | D:11     | Killed a two-headed ogre
 13999 | D:11     | Found a staircase to the Lair.
 14029 | D:11     | Reached skill level 10 in Fighting
 14842 | D:12     | Noticed Sonja
 14847 | D:12     | Killed Sonja
 15236 | D:12     | Noticed a deep elf pyromancer
 15248 | D:12     | Reached XP level 12. HP: 86/106 MP: 8/11
 15256 | D:12     | HP: 4/106 [slime creature (2)]
 15999 | D:12     | Noticed Frances
 16013 | D:12     | Killed Frances
 16268 | D:12     | Found a gateway to a bazaar.
 16402 | D:12     | Reached skill level 16 in Polearms
 16554 | Bazaar   | Entered a bazaar
 16559 | Bazaar   | Found Recheicvy's Jewellery Boutique.
 16587 | Bazaar   | Found Wutakh's Book Shoppe.
 16609 | Bazaar   | Found Yfih's Book Boutique.
 16630 | Bazaar   | Found Dausu's Antique Weapon Emporium.
 17976 | D:12     | Noticed Jorgrun
 17996 | D:12     | HP: 3/110 [Jorgrun/staff of earth (12)]
 17999 | D:12     | Slain by Jorgrun

Illustrated notes

Levels and vault maps discovered:
D:1:      dpeg_arrival_shrine, layout_loops_ring
D:2:      layout_loops_corners, uniq_robin, uniq_jessica
D:3:      layout_rooms, nzn_wu_jian_council_hall, hex_large,
          kennysheep_cluttered_room, uniq_sigmund, uniq_natasha
D:4:      layout_cave_pods, serial_shops, shop, uniq_pikel, uniq_menkaure,
          uniq_grinder
D:5:      layout_basic, minmay_misc_feat_enclosed, palyth_stone_intersect,
          st_stairs_8
D:6:      layout_cave_pools, old_standard_altar, trog_butcher_becter,
          fountainhead
D:7:      layout_loops_corners, temple_pool_b, uniq_joseph
D:8:      layout_loops_ring, gammafunk_ghost_spectres,
          chequers_serial_rivers_small_3, uniq_gastronok
D:9:      layout_roguey, uniq_psyche
D:10:     layout_irregular_city, gammafunk_temple_overflow_wave
D:11:     layout_gridville, david_lair_generic
D:12:     layout_basic, david_orc_4, serial_shops, bzr_entry_water, uniq_sonja,
          uniq_frances, uniq_jorgrun

Skill      XL: |  1  2  3  4  5  6  7  8  9 10 11 12 |
---------------+-------------------------------------+-----
Polearms       | 4 5 7 9 11 13 15 16 | 16.4
Fighting       | 4 5 6 7 8 10 11 | 11.0
Armour         | 4 6 7 8 10 11 12 | 12.4
Dodging        | 3 4 5 6 7 |  7.9
Stealth        | 1 2 3 |  3.6
Ranged Weapons | 1 |  1.2
Evocations     | 1 |  1.3
Throwing       | 1 |  1.6
Short Blades   | |  0.2

Action                   |  1- 3 |  4- 6 |  7- 9 | 10-12 || total
-------------------------+-------+-------+-------+-------++-------
Melee: Spear             |    82 |    42 |       |       ||   124
       Headbutt          |    14 |    14 |    57 |    93 ||   178
       Dagger            |       |    38 |       |       ||    38
       Halberd           |       |    43 |   240 |   339 ||   622
       Glaive            |       |       |       |    74 ||    74
 Fire: Arbalest          |       |       |     3 |       ||     3
Throw: Boomerang         |       |       |     2 |     1 ||     3
       Stone             |       |       |     1 |    12 ||    13
       Dart              |       |       |       |     5 ||     5
Invok: Berserk           |       |     1 |       |       ||     1
       Trog's Hand       |       |       |       |     1 ||     1
Evoke: Wand              |       |       |     1 |     6 ||     7
  Use: Scroll            |       |     3 |       |     8 ||    11
       Potion            |       |       |     3 |     8 ||    11
 Stab: Sleeping          |     1 |       |       |       ||     1
Armor: Animal skin       |     2 |       |       |       ||     2
       Pearl dragon scal |    31 |    59 |   116 |   253 ||   459
Dodge: Dodged            |    43 |    60 |   149 |   236 ||   488

Table legend: (Time is in decaauts)
 A = Elapsed time spent in this place.
 B = Non-inter-level travel time spent in this place.
 C = Inter-level travel time spent in this place.
 D = Time resting spent in this place.
 E = Time spent auto-exploring this place.
 F = Levels seen in this place.
 G = Mean time per level.
                   A        B        C        D        E       F      G
               +--------+--------+--------+--------+--------+-----+--------+
         Total |  17883 |  15993 |   1890 |   7944 |   6000 |  13 | 1375.6 |
       Dungeon |  17666 |  15776 |   1890 |   7944 |   6000 |  12 | 1472.2 |
        Bazaar |    216 |    216 |      0 |      0 |      0 |   1 |  216.0 |
               +--------+--------+--------+--------+--------+-----+--------+

Top non-repeatable levels by time:
    D:12: 2928 daAuts
     D:8: 2075 daAuts
     D:9: 1837 daAuts
    D:11: 1708 daAuts
     D:7: 1590 daAuts
    D:10: 1562 daAuts
     D:4: 1408 daAuts
     D:2: 1153 daAuts
     D:6: 998 daAuts
     D:1: 810 daAuts
     D:3: 797 daAuts
     D:5: 794 daAuts
  Bazaar: 216 daAuts
